Map: Port Aleksander LE

Players

Rogue

  • Race: Zerg Zerg
  • Spawn Location: 11:00

gumiho - Winner!

  • Race: Terran Terran
  • Spawn Location: 5:00

Event: IEM Season 13: Katowice (2019)

VOD

Have the link to the VOD?

Description

Time

  • Played on: March 1, 2019, 9:28 a.m.
  • Length: 8:10

All games in this series

Show
View Real Time Build Order
Export as new Build Order

Rogue Zerg 

Build Orders: Hatch First 

Get SALT Encoding   

  12  0:00  Drone  
  13  0:12  Overlord  
  13  0:17  Drone  
  14  0:30  Drone x2  
  16  0:49  Hatchery  
  15  0:51  Drone  
  15  0:55  Drone  
  17  0:59  Drone  
  18  1:09  Extractor  
  17  1:15  Spawning Pool  
  17  1:18  Drone  
  17  1:21  Drone  
  18  1:28  Drone  
  19  1:39  Overlord  
  19  1:49  Drone  
  20  2:01  Queen x2  
  20  2:02  Zergling x4  
  26  2:21  Hatchery  
  25  2:23  Drone  
  25  2:28  Drone  
  27  2:31  Drone  
  27  2:35  Drone  
  29  2:40  Metabolic Boost  
  29  2:45  Drone  
  30  2:51  Queen  
  32  2:59  Lair  
  32  3:02  Drone  
  33  3:08  Overlord  
  33  3:14  Drone x2  
  33  3:15  Drone  
  36  3:27  Zergling x6  
  38  3:31  Queen  
  41  3:35  Overlord  
  41  3:39  Drone x2  
  43  3:45  Zergling x2  
  43  3:47  Drone x2  
  46  3:50  Zergling x4  
  47  3:59  Zergling x10  
  47  4:06  Nydus Network  
  40  4:15  Zergling x4  
  41  4:23  Zergling x4  
  43  4:26  Zergling x4  
  43  4:29  Zergling x2  
  46  4:38  Zergling x6  
  48  4:43  Nydus Canal  
  48  4:46  Zergling x2  
  48  4:48  Overlord  
  49  4:57  Overlord  
  48  5:03  Zergling x4  
  45  5:07  Zergling x2  
  45  5:08  Queen  
  45  5:11  Zergling x2  
  37  5:18  Queen  
  37  5:20  Drone  
  35  5:27  Drone x3  
  38  5:30  Drone  
  38  5:31  Drone  
  38  5:33  Drone  
  41  5:40  Queen  
  43  5:48  Queen  
  45  5:52  Drone  
  45  5:53  Drone x2  
  45  5:56  Drone  
  50  5:57  Drone  
  50  6:01  Drone x2  
  52  6:04  Drone  
  52  6:06  Drone  
  52  6:11  Drone x2  
  56  6:13  Overlord  
  56  6:18  Overseer  
  55  6:23  Spore Crawler  
  53  6:25  Spore Crawler  
  53  6:28  Drone x4  
  53  6:31  Zergling x2  
  57  6:36  Overseer  
  57  6:42  Drone x5  
  61  6:48  Drone x2  
  61  6:49  Spore Crawler  
  61  6:51  Zergling x6  
  65  6:57  Zergling x2  
  63  7:03  Zergling x8  
  63  7:14  Zergling x2  
  58  7:15  Queen x2  
  58  7:20  Zergling x2  
  59  7:24  Zergling x6  
  59  7:27  Zergling x4  
  56  7:30  Zergling x2  
  56  7:34  Zergling x2  
  56  7:37  Zergling x2  
  56  7:39  Zergling x2  
  51  7:44  Zergling x4  
  51  7:48  Zergling x2  
  43  7:52  Zergling x2  
Show
View Real Time Build Order
Export as new Build Order

gumiho Terran - Winner!

Build Orders: Gas First Reaper Expand, Liberator Opening 

Get SALT Encoding   

  12  0:00  SCV  
  13  0:12  SCV  
  14  0:18  Supply Depot  
  14  0:24  SCV  
  15  0:29  Refinery  
  15  0:39  SCV  
  16  0:46  Barracks  
  16  0:51  SCV  
  17  1:03  SCV  
  18  1:15  SCV  
  19  1:32  Orbital Command  
  19  1:33  Reaper  
  20  1:44  Command Center  
  20  1:55  Factory  
  20  2:00  SCV  
  21  2:06  Barracks Reactor  
  21  2:09  Refinery  
  21  2:12  SCV  
  22  2:17  Supply Depot  
  22  2:24  SCV  
  23  2:39  SCV  
  23  2:40  Starport  
  24  2:45  Hellion  
  24  2:47  Hellion  
  24  2:51  SCV  
  29  2:56  Orbital Command  
  29  3:03  SCV  
  30  3:08  Hellion  
  30  3:11  Hellion  
  34  3:17  Viking  
  36  3:20  SCV  
  36  3:22  SCV  
  38  3:31  Supply Depot  
  38  3:32  Hellion  
  40  3:35  Liberator  
  40  3:36  Hellion  
  40  3:37  SCV  
  40  3:39  SCV  
  44  3:45  Barracks Tech Lab  
  44  3:49  SCV  
  44  3:51  SCV  
  49  3:59  Hellion x2  
  49  4:02  SCV  
  52  4:03  SCV  
  53  4:16  SCV  
  49  4:18  SCV, Supply Depot  
  49  4:20  Hellion  
  49  4:21  Hellion  
  52  4:25  Armory  
  52  4:31  SCV x2, Supply Depot  
  54  4:43  SCV x2  
  56  4:47  Hellion x2  
  56  4:52  Banshee  
  63  4:56  SCV x2  
  46  5:09  Hellion  
  46  5:13  Hellion x4  
  32  5:21  SCV  
  32  5:23  SCV  
  32  5:34  SCV  
  32  5:35  Medivac  
  35  5:36  SCV  
  36  5:46  SCV  
  36  5:47  Hellion  
  36  5:48  SCV  
  42  5:50  Hellion  
  42  5:53  Liberator  
  42  5:58  SCV  
  42  6:00  SCV  
  44  6:08  Hellion  
  44  6:10  SCV  
  52  6:11  Hellion  
  52  6:13  SCV  
  53  6:22  SCV  
  54  6:30  Hellion  
  54  6:31  SCV  
  59  6:32  Hellion  
  59  6:34  SCV  
  60  6:46  SCV  
  60  6:47  SCV  
  62  6:51  Hellion  
  62  6:54  Hellion  
  66  6:56  Banshee  
  66  6:58  SCV  
  70  7:06  SCV  
  69  7:11  SCV, Supply Depot x2  
  70  7:25  SCV  
  69  7:30  Hellion  
  69  7:33  Hellion  
  69  7:36  SCV  
  72  7:37  SCV  
  72  7:38  Command Center  
  68  7:55  Factory x2  
  68  7:57  SCV  

Tags
 
Add a new tag
Caveats
  • Supply blocks, unpowered buildings, or Contaminate may cause inaccurate times.
  • Supply counts are checked every 10 seconds.